 Dungeon Crawl Stone Soup version 0.22-a0-246-gdc04c06 (webtiles) character file.

89 MatthieuS the Gusty (level 4, -4/25 HPs)
             Began as a Tengu Air Elementalist on Feb 22, 2018.
             Killed from afar by an orc wizard (7 damage)
             ... with a puff of flame
             ... on level 2 of the Dungeon.
             The game lasted 00:06:11 (2278 turns).

MatthieuS the Gusty (Tengu Air Elementalist)        Turns: 2278, Time: 00:06:12

Health: -4/25      AC:  4    Str:  8    XL:     4   Next: 55%
Magic:  2/8        EV: 12    Int: 16    God:
Gold:   144        SH:  0    Dex: 15    Spells: 2/8 levels left

rFire    . . .     SeeInvis .   d - +0 dagger
rCold    . . .     Gourm    .   (no shield)
rNeg     . . .     Faith    .   k - +0 leather armour
rPois    .         Spirit   .   (helmet restricted)
rElec    .         Reflect  .   (no cloak)
rCorr    .         Harm     .   l - +0 pair of gloves
MR       .....                  (boots unavailable)
Stlth    ++........             (no amulet)
HPRegen  0.08/turn              (no ring)
MPRegen  0.11/turn              (no ring)

@: very slightly contaminated, heavily drained
A: beak, talons 3
a: no special abilities


You were on level 2 of the Dungeon.
You were not hungry.

You visited 1 branch of the dungeon, and saw 2 of its levels.

You collected 144 gold pieces.

Inventory:

Hand Weapons
 d - a +0 dagger (weapon)
Missiles
 i - a throwing net (quivered)
 o - 27 sling bullets
Armour
 j - a +1 robe of fire resistance
 k - a +0 leather armour (worn)
 l - a +0 pair of gloves (worn)
Wands
 f - a wand of flame (11)
Scrolls
 c - a scroll of enchant armour {unknown}
 e - 4 scrolls of identify {unknown}
Potions
 g - a potion of might {unknown}
 m - a potion of flight {unknown}
 n - a potion of cancellation {unknown}
Comestibles
 b - 2 rations
 h - 3 chunks of flesh


   Skills:
 + Level 1.2(0.2) Fighting
 + Level 2.8(1.7) Dodging
 + Level 2.6(1.5) Stealth
 + Level 2.5(1.4) Spellcasting
 + Level 2.6(1.5) Conjurations
 + Level 4.6(3.5) Air Magic


You had 2 spell levels left.
You knew the following spells:

 Your Spells              Type           Power        Failure   Level  Hunger
a - Shock                 Conj/Air       #...         12%         1    ##.....
b - Swiftness             Chrm/Air       #.......     24%         2    ###....
c - Static Discharge      Conj/Air       #.......     34%         3    ####...


Dungeon Overview and Level Annotations

Branches:
Dungeon (2/15)

Altars:

Annotations:
D:2 Robin


Innate Abilities, Weirdness & Mutations

You have a beak for a mouth.
You have claws for feet.


Message History

Aim: an orc wizard, wielding a dagger and wearing a robe (heavily wounded, fast)
You miscast Shock.
Nothing appears to happen.
Unknown command.
Casting: Shock (safe; 12% risk of failure)
Confirm with . or Enter, or press ? or * to list all spells.
Aiming: Shock (safe; 12% risk of failure)
Press: ? - help, Shift-Dir - straight line, f/p - orc wizard
Aim: an orc wizard, wielding a dagger and wearing a robe (heavily wounded, fast)
The zap misses the orc wizard.
The orc wizard points at you and mumbles some strange words.
The puff of frost hits you!
* * * LOW HITPOINT WARNING * * *
Unknown command.
The orc wizard closely misses you.
The orc wizard points at you and mumbles some strange words.
The puff of flame misses you.
Okay, then.
The orc wizard gestures at you while chanting.
The puff of flame hits you!
You die...

.# #.# ### #.# ..##### #.#
..#...###### ######.#
...........#######......########
...........'....@oo.............
...........#######..............
..#####.#### #######.........
..# #...#######...............
..# #.................########
..### #>..............รท.# ####
#...# #....######..###..####..#
#...# #....# ##.###....#.###
#...###....# #.......#.##


You could see an orc wizard and an orc.

Vanquished Creatures
  Jessica (D:2)
  An adder (D:2)
  An ooze (D:1)
  3 worms (D:2)
  A dart slug (D:1)
  4 giant cockroaches
  8 goblins
  5 hobgoblins
  A jackal (D:1)
  A quokka (D:2)
  8 bats
  2 frilled lizards (D:1)
  2 kobolds (D:1)
  2 rats
40 creatures vanquished.

Notes
Turn   | Place    | Note
-------+----------+-------------------------------------------
     0 | D:1      | MatthieuS the Tengu Air Elementalist began the quest for the Orb.
     0 | D:1      | Reached XP level 1. HP: 10/10 MP: 4/4
   347 | D:1      | Reached XP level 2. HP: 15/15 MP: 4/6
   357 | D:1      | Learned a level 2 spell: Swiftness
   599 | D:1      | Reached XP level 3. HP: 12/20 MP: 1/7
  1198 | D:2      | Noticed Robin
  1348 | D:2      | Reached skill level 1 in Fighting
  1425 | D:2      | Learned a level 3 spell: Static Discharge
  1627 | D:2      | Noticed Jessica
  1635 | D:2      | Killed Jessica
  1635 | D:2      | Reached XP level 4. HP: 13/25 MP: 0/8
  2278 | D:2      | Killed from afar by an orc wizard

Vault maps used:
D:1:      lemuel_arrival_behind_the_door_small, roderic_lattice_a, st_stairs_5,
          minmay_heptomino_d4
D:2:      cheibrodos_pilgrimage, lemuel_crystal_altar,
          chequers_ecumenical_altar_grove, uniq_jessica, uniq_robin

Skill      XL: |  1  2  3 |
---------------+----------+-----
Conjurations   | 2 |  2.6
Fighting       | 1 |  1.2
Dodging        | |  2.8
Stealth        | |  2.6
Spellcasting   | |  2.5
Air Magic      | |  4.6

Action                   |  1- 3 |  4- 6 || total
-------------------------+-------+-------++-------
Melee: Dagger            |     9 |     7 ||    16
       Peck              |     1 |       ||     1
       Kick              |       |     2 ||     2
 Cast: Shock             |    68 |    25 ||    93
       Static Discharge  |       |     1 ||     1
Evoke: Wand              |       |     1 ||     1
  Use: Scroll            |     3 |       ||     3
       Potion            |       |     1 ||     1
  Eat: Chunk             |     4 |     3 ||     7
Armor: Robe              |     3 |     7 ||    10
       Leather armour    |       |     1 ||     1
Dodge: Dodged            |    11 |    12 ||    23

Table legend:
 A = Spawn XP
 B = Non-spawn XP
 C = Spawn XP percentage of total XP
 D = Spawn monster count
 E = Non-spawn monster count
 F = Spawn count percentage of total count
 G = Total turns spent on level
                    A         B        C        D         E        F      G
               +---------+---------+-------+---------+---------+-------+---------
         Total |       0 |     128 |   0.0 |       0 |      40 |   0.0 |  2278
               +---------+---------+-------+---------+---------+-------+---------
           D:1 |       0 |      42 |   0.0 |       0 |      22 |   0.0 |  1134
           D:2 |       0 |      86 |   0.0 |       0 |      18 |   0.0 |  1144
               +---------+---------+-------+---------+---------+-------+---------
